 Dungeon Crawl Stone Soup version 0.20.0-15-g7f486f2 (webtiles) character file.

137 vishdafish the Shield-Bearer (level 5, -1/33 HPs)
             Began as a Gargoyle Fighter on June 25, 2017.
             Killed from afar by an orc wizard (8 damage)
             ... with a puff of frost
             ... on level 3 of the Dungeon.
             The game lasted 00:04:07 (1978 turns).

vishdafish the Shield-Bearer (Gargoyle Fighter)     Turns: 1978, Time: 00:04:08

Health: -1/33      AC: 13    Str: 21    XL:     5   Next: 20%
Magic:  0/5        EV:  8    Int:  8    God:
Gold:   108        SH:  9    Dex:  9    Spells: 4/4 levels left

rFire    . . .     SeeInvis .   a - +0 flail
rCold    . . .     Gourm    .   c - +0 shield
rNeg     + . .     Faith    .   b - +0 scale mail
rPois    ∞         Spirit   +   (no helmet)
rElec    +         Reflect  .   n - scarf {Spirit}
rCorr    .         Harm     .   (no gloves)
MR       .....                  o - +1 pair of boots
Stlth    ..........             (no amulet)
Regen    0.2/turn               t - ring of loudness (curse)
MPRegen  0.1/turn               (no ring)

@: no status effects
A: negative energy resistance 1, electricity resistance, unbreathing,
petrification resistance, rot immunity, AC +4
a: no special abilities


You were on level 3 of the Dungeon.
You were not hungry.

You visited 1 branch of the dungeon, and saw 3 of its levels.

You collected 108 gold pieces.

Inventory:

Hand Weapons
 a - a +0 flail (weapon)
Armour
 b - a +0 scale mail (worn)
 c - a +0 shield (worn)
 n - a scarf of spirit shield (worn)
 o - a +1 pair of boots (worn)
Jewellery
 t - a cursed ring of loudness (left hand)
Wands
 u - a wand of confusion (7/48)
Scrolls
 e - 3 scrolls of identify
 i - a scroll of amnesia
 j - 2 scrolls of recharging
Potions
 d - a potion of might
 h - a potion of resistance {unknown}
 l - a potion of heal wounds {unknown}
 m - a potion of magic {unknown}
 q - a potion of berserk rage {unknown}
 r - a potion of haste {unknown}
 s - a potion of cancellation {unknown}
Comestibles
 f - 2 bread rations
 k - a royal jelly
 p - 2 meat rations


   Skills:
 + Level 3.8 Fighting
 + Level 3.0 Maces & Flails
 + Level 4.1 Armour
 + Level 0.8 Dodging
 + Level 4.4 Shields


You had 4 spell levels left.
You didn't know any spells.

Dungeon Overview and Level Annotations

Branches:
Dungeon (3/15)

Altars:
Cheibriados


Innate Abilities, Weirdness & Mutations

You are resistant to torment.
Your stone body is resilient. (AC +4)
You are immune to poison.
You resist negative energy. (rN+)
You are resistant to electric shocks. (rElec)
You can survive without breathing.
You are immune to petrification.
You are immune to rotting.


Message History

You miss something.
Something hits you but does no damage. x2
The orc wizard hits you but does no damage.
You closely miss something. Something hits you but does no damage.
The orc wizard hits you but does no damage.
The orc wizard completely misses you.
You barely miss something. Something hits you but does no damage.
You hear some strange, mumbled words.
A magic dart appears from out of thin air!
The magic dart hits you!
* * * LOW HITPOINT WARNING * * *
The orc wizard hits you but does no damage.
You miss something. Something hits you but does no damage. Something hits you.
* * * LOW HITPOINT WARNING * * *
The orc wizard hits you with a dagger of holy wrath.
* * * LOW HITPOINT WARNING * * *
Something hits you but does no damage.
You feel better.
The orc wizard gestures at you while chanting.
The puff of frost hits you!
You die...

.P.....#
#.....#
..####.#
##♣#♣.♣ .#.#
#.##.# ....
#..♣.♣ .#.
#....## ).
#.##..# #.
##.## #
##..###
##.{@..##
#..)o)..#
#.....≈≈≈...#
......≈≈≈≈≈..#
####..≈≈♣≈≈..#
#..≈≈≈≈≈..#
♣...≈≈≈...♣
♣♣.......♣♣
♣♣.....♣♣


You could see an orc wizard.

Vanquished Creatures
  3 gnolls (D:2)
  2 adders (D:2)
  An ooze (D:1)
  2 worms
  3 dart slugs (D:2)
  5 leopard geckos (D:2)
  2 orcs (D:3)
  11 bats
  A giant cockroach (D:1)
  8 goblins
  8 hobgoblins
  A quokka (D:3)
  9 frilled lizards
  6 kobolds
  6 rats
68 creatures vanquished.

Notes
Turn   | Place    | Note
-------+----------+-------------------------------------------
     0 | D:1      | vishdafish the Gargoyle Fighter began the quest for the Orb.
     0 | D:1      | Reached XP level 1. HP: 14/14 MP: 1/1
    55 | D:1      | Reached XP level 2. HP: 13/19 MP: 2/2
   417 | D:1      | Reached XP level 3. HP: 23/23 MP: 3/3
   630 | D:2      | Found a snail-covered altar of Cheibriados.
   651 | D:2      | Reached XP level 4. HP: 13/28 MP: 2/4
  1018 | D:2      | Found a faded altar of an unknown god.
  1518 | D:2      | Reached XP level 5. HP: 33/33 MP: 5/5
  1977 | D:3      | HP: 1/33 [orc wizard/dagger of holy wrath (3)]
  1978 | D:3      | Killed from afar by an orc wizard

Skill      XL: |  1  2  3  4  5 |
---------------+----------------+-----
Shields        | 4 |  4.4
Armour         | 4 |  4.1
Maces & Flails | 3 |  3.0
Fighting       | |  3.8
Dodging        | |  0.8

Action                   |  1- 3 |  4- 6 || total
-------------------------+-------+-------++-------
Melee: Flail             |   104 |   202 ||   306
  Use: Potion            |       |     3 ||     3
       Scroll            |       |     2 ||     2
  Eat: Bread ration      |       |     1 ||     1
Armor: Scale mail        |    64 |   144 ||   208
Dodge: Dodged            |    33 |    72 ||   105
Block: Shield            |    72 |   140 ||   212
